 Dungeon Crawl Stone Soup version 0.26-a0-597-gb535b0901c (webtiles) character file.

Game seed: 7805165760558069938

997 MonzzCrawl the Poker (level 7, -8/53 HPs)
             Began as a Demonspawn Gladiator on Aug 28, 2020.
             Was a Follower of Okawaru.
             Mangled by an orc warrior
             ... wielding a +0 halberd
              (10 damage)
             ... in a bailey.
             The game lasted 00:16:49 (5330 turns).

MonzzCrawl the Poker (Demonspawn Gladiator)         Turns: 5330, Time: 00:16:51

Health: -8/53      AC: 14    Str: 21    XL:     7   Next: 99%
Magic:  7/7        EV:  7    Int: 10    God:    Okawaru [*.....]
Gold:   342        SH:  0    Dex: 17    Spells: 6/6 levels left

rFire    + . .     SeeInvis .   a - +0 trident
rCold    . . .     Faith    .   (no shield)
rNeg     . . .     Spirit   .   l - +0 plate armour
rPois    .         Reflect  .   (helmet restricted)
rElec    .         Harm     .   x - +0 cloak
rCorr    .                      w - +0 pair of gloves
MR       .....                  (no boots)
Stlth    ..........             (no amulet)
HPRegen  0.17/turn              t - +6 ring of strength
MPRegen  0.10/turn              z - ring of stealth

@: no status effects
A: antennae 1, thin skeletal structure 1, demonic guardian 1, fire resistance 1
a: Heroism, Renounce Religion


You were in a bailey.
You worshipped Okawaru.
Okawaru was aware of your devotion.
You visited 2 branches of the dungeon, and saw 8 of its levels.
You also visited: Bailey.

You collected 342 gold pieces.

Inventory:

Hand Weapons
 a - a +0 trident (weapon)
 c - a +2 quarterstaff of chaos
Missiles
 b - 31 poisoned darts
 d - 3 throwing nets (quivered)
 m - 3 silver javelins
Armour
 j - a +0 chain mail
 l - a +0 plate armour (worn)
 w - a +0 pair of gloves (worn)
 x - a +0 cloak (worn)
Jewellery
 t - a +6 ring of strength (left hand)
 z - a ring of stealth (right hand)
Wands
 r - a wand of paralysis (8)
 v - a wand of disintegration (11)
Scrolls
 f - 3 scrolls of teleportation
 g - a scroll of remove curse
 h - 2 scrolls of amnesia
 k - 5 scrolls of identify
 o - a scroll of enchant armour {unknown}
 q - a scroll of enchant weapon {unknown}
 y - a scroll of torment {unknown}
Potions
 e - a potion of brilliance
 i - 2 potions of stabbing {unknown}
 n - a potion of flight {unknown}
 p - 3 potions of curing
 u - a potion of invisibility


   Skills:
 * Level 3.9 Fighting
 * Level 7.0 Polearms
 - Level 1.7 Throwing
 * Level 3.9 Armour
 + Level 2.8 Dodging
 + Level 0.5 Stealth


You had 6 spell levels left.
You didn't know any spells.
Your spell library contained the following spells:

 Spells                   Type           Power        Failure   Level
 Magic Dart               Conj           #...         100%        1
 Blink                    Tloc           N/A          100%        2
 Call Imp                 Summ           #.......     100%        2
 Slow                     Hex            #.......     100%        2
 Conjure Flame            Conj/Fire      #.......     100%        3
 Mephitic Cloud           Conj/Pois/Air  #.......     100%        3


Dungeon Overview and Level Annotations

Branches:
Dungeon (8/15)             Temple (1/1) D:4          Bailey (1/1)
   Lair: D:8-11

Altars:
Ashenzari
Cheibriados
Dithmenos
Elyvilon
Fedhas
Gozag
Hepliaklqana
Kikubaaqudgha
Makhleb
Nemelex Xobeh
Okawaru
Qazlal
Ru
Sif Muna
Trog
Uskayaw
Vehumet
Wu Jian
Xom
Yredelemnul
Zin
The Shining One


Innate Abilities, Weirdness & Mutations

You have a pair of small antennae on your head.
You have a somewhat thin skeletal structure. (Dex +2, Stealth)
A weak demonic guardian rushes to your aid.
Your flesh is heat resistant. (rF+)


Message History

The orc warrior shoots a bolt.
The bolt hits you!
You see here a bolt.
The orc warrior complains loudly.
The orc warrior hits you from afar with a +0 halberd!!
* * * LOW HITPOINT WARNING * * *
The orc knight roars a battlecry!
The orcs go into a battle-frenzy!
As you read the scroll of teleportation, it crumbles to dust.
You feel strangely unstable.
The orc warrior shoots a bolt.
The bolt barely misses you.
The bolt closely misses the orc warrior.
The orc warrior hits you from afar with a +0 halberd.
* * * LOW HITPOINT WARNING * * *
It was a potion of cancellation.
You feel strangely stable.
You feel magically purged.
The orc hits you from afar with a +0 halberd.
* * * LOW HITPOINT WARNING * * *
The orc warrior hits you from afar with a +0 halberd!
You die...

### #### ##∩##
####
....##.(.##....
≈≈≈..#.(.#..≈≈≈
≈o≈≈.o...o.≈≈o≈≈
.oo≈5..(.o.≈oo.≈
≈o≈≈...@...≈≈o≈≈
≈≈≈..#...#..≈≈≈.
..o.##...##.....
#### ##∩## #####
###


You could see an orc knight, 7 orc warriors, 4 orcs and a friendly quasit
(summoned).

Vanquished Creatures
  Prince Ribbit (D:7)
  2 ogres
  A phantom (D:5)
  A centaur (D:5)
  A bullfrog (D:7)
  A hound (D:4)
  An orc wizard (D:3)
  Crazy Yiuf (D:3)
  An iguana (D:8)
  Ijyb (D:4)
  A worker ant (D:4)
  Robin (D:3)
  8 adders
  A shadow imp (D:5)
  2 oozes
  3 worms
  A dart slug (D:1)
  3 leopard geckos
  10 orcs
  3 ball pythons
  4 giant cockroaches
  10 goblins
  9 hobgoblins
  3 quokkas
  7 bats
  9 frilled lizards
  8 kobolds
  A leopard gecko skeleton (D:5)
  A leopard gecko zombie (D:5)
  13 rats
109 creatures vanquished.

Vanquished Creatures (collateral kills)
  A centaur (D:5)
  A howler monkey (D:4)
  A worker ant (D:4)
  An orc (D:3)
  A frilled lizard (D:5)
5 creatures vanquished.

Vanquished Creatures (others)
  A fungus (D:3)
  A plant (Temple)
2 creatures vanquished.

Grand Total: 116 creatures vanquished

Notes
Turn   | Place    | Note
-------+----------+-------------------------------------------
     0 | D:1      | MonzzCrawl the Demonspawn Gladiator began the quest for the
                  | Orb.
     0 | D:1      | Reached XP level 1. HP: 16/16 MP: 1/1
    85 | D:1      | Reached skill level 3 in Polearms
   110 | D:1      | Gained mutation: You have a somewhat thin skeletal
                  | structure. (Dex +2, Stealth) [demonic ancestry]
   110 | D:1      | Reached XP level 2. HP: 22/22 MP: 2/2
   621 | D:1      | Reached XP level 3. HP: 27/27 MP: 3/3
   925 | D:2      | Reached skill level 4 in Polearms
   925 | D:2      | Gained mutation: A weak demonic guardian rushes to your
                  | aid. [demonic ancestry]
   925 | D:2      | Reached XP level 4. HP: 31/34 MP: 4/4
  1506 | D:2      | Reached skill level 1 in Armour
  1750 | D:2      | Noticed an ogre
  1757 | D:2      | Killed an ogre
  1757 | D:2      | Reached XP level 5. HP: 39/39 MP: 5/5
  1786 | D:2      | Found a basalt altar of Yredelemnul.
  2595 | D:3      | Reached skill level 5 in Polearms
  2681 | D:3      | Noticed Robin
  2981 | D:4      | Found a staircase to the Ecumenical Temple.
  3020 | D:4      | Gained mutation: You have a pair of small antennae on your
                  | head. [demonic ancestry]
  3020 | D:4      | Reached XP level 6. HP: 41/46 MP: 6/6
  3028 | D:4      | Noticed Ijyb
  3031 | D:4      | Killed Ijyb
  3568 | D:3      | Killed Robin
  3788 | D:3      | Found a runed translucent door.
  3789 | D:3      | Noticed Crazy Yiuf
  3796 | D:3      | Killed Crazy Yiuf
  4030 | Temple   | Entered the Ecumenical Temple
  4124 | Temple   | Became a worshipper of Warmaster Okawaru
  4208 | D:5      | Entered Level 5 of the Dungeon
  4481 | D:5      | Reached skill level 6 in Polearms
  4481 | D:5      | Gained mutation: Your flesh is heat resistant. (rF+)
                  | [demonic ancestry]
  4481 | D:5      | Reached XP level 7. HP: 30/52 MP: 7/7
  4778 | D:5      | Found a shimmering blue altar of Sif Muna.
  4930 | D:5      | Reached * piety under Okawaru
  5038 | D:5      | You fall into a shaft and drop 3 floors!
  5045 | D:8      | Noticed a hornet
  5050 | D:8      | Paralysed by a hornet for 2 turns
  5222 | D:7      | Noticed Prince Ribbit
  5227 | D:7      | Killed Prince Ribbit
  5227 | D:7      | Reached skill level 7 in Polearms
  5307 | D:7      | Found a flagged portal.
  5322 | Bailey   | Entered a bailey
  5322 | Bailey   | Noticed an orc knight
  5330 | Bailey   | HP: 2/53 [orc/+0 halberd (3)]
  5330 | Bailey   | Mangled by an orc warrior

Illustrated notes

Levels and vault maps discovered:
D:1:      lemuel_arrival_rhombus, layout_loops_ring
D:2:      kennysheep_six_static_rooms, layout_basic, marbit_many_paths,
          minmay_misc_feat_room
D:3:      layout_rooms, uniq_robin, uniq_crazy_yiuf_cottage
D:4:      layout_cave_pools, minmay_temple_entry_gardened_gates,
          nicolae_ossuary_entry_plus, uniq_ijyb
D:5:      layout_basic, basic_altar
D:7:      layout_rooms, enter_bailey_8, uniq_prince_ribbit1
D:8:      layout_rooms, serial_glass, glass_columns_a, glass_columns_a,
          item_on_display_a, minmay_strange_pillars, item_on_display_b
Temple:   kilobyte_greek_temple
Bailey:   bailey_polearm_4, bailey

Skill      XL: |  1  2  3  4  5  6  7 |
---------------+----------------------+-----
Polearms       | 3 4 5 6 7 |  7.0
Armour         | 1 2 3 |  3.9
Fighting       | 3 |  3.9
Throwing       | |  1.7
Dodging        | |  2.8
Stealth        | |  0.5

Action                   |  1- 3 |  4- 6 |  7- 9 || total
-------------------------+-------+-------+-------++-------
Melee: Trident           |   116 |   300 |    70 ||   486
Evoke: Wand              |       |       |     3 ||     3
  Use: Potion            |       |     2 |     5 ||     7
       Scroll            |       |     6 |     4 ||    10
 Stab: Invisible         |       |     2 |       ||     2
Armor: Chain mail        |    33 |       |       ||    33
       Leather armour    |     2 |       |       ||     2
       Plate armour      |    40 |   222 |    28 ||   290
Dodge: Dodged            |    29 |    82 |    22 ||   133

Table legend: (Time is in decaauts)
 A = Elapsed time spent in this place.
 B = Non-inter-level travel time spent in this place.
 C = Inter-level travel time spent in this place.
 D = Time resting spent in this place.
 E = Time spent auto-exploring this place.
 F = Levels seen in this place.
 G = Mean time per level.
                   A        B        C        D        E       F      G
               +--------+--------+--------+--------+--------+-----+--------+
         Total |   5386 |   5180 |    206 |    269 |   3716 |   9 |  598.4 |
       Dungeon |   5236 |   5030 |    206 |    269 |   3636 |   7 |  748.0 |
        Temple |    143 |    143 |      0 |      0 |     80 |   1 |  143.0 |
        Bailey |      7 |      7 |      0 |      0 |      0 |   1 |    7.0 |
               +--------+--------+--------+--------+--------+-----+--------+

Top non-repeatable levels by time:
     D:2: 1272 daAuts
     D:3: 1141 daAuts
     D:4: 905 daAuts
     D:5: 829 daAuts
     D:1: 801 daAuts
     D:7: 259 daAuts
  Temple: 143 daAuts
     D:8: 26 daAuts
  Bailey: 7 daAuts
